 Dungeon Crawl Stone Soup version 0.30-a0-177-g1cb5dbfd7a (webtiles) character file.

Game seed: 8499224927422016445

360 lunkers the Basher (level 7, -12/41 (55) HPs)
             Began as a Meteoran Reaver on Oct 3, 2022.
             Was a Follower of Okawaru.
             Mangled by a wight
             ... wielding a +4 great sword
              (20 damage)
             ... on level 6 of the Dungeon.
             The game lasted 00:07:26 (1416 turns).

lunkers the Basher (Meteoran Reaver)                Turns: 1416, Time: 00:07:27

HP:   -12/41 (55)   AC:  9    Str: 15    XL:     7   Next: 19%
MP:   10/12         EV: 13    Int: 16    God:    Okawaru [*.....]
Gold: 140           SH:  0    Dex: 12    Spells: 8/11 levels left

rFire   + . .      SeeInvis .    a - +0 mace
rCold   . . .      Faith    .    (no shield)
rNeg    . . .      Spirit   .    j - +1 ring mail {rF+}
rPois   .          Reflect  .    o - +1 helmet
rElec   .          Harm     .    (no cloak)
rCorr   .          Rampage  .    (no gloves)
Will    .....                    (no boots)
Stlth   +.........               (no amulet)
HPRegen 0.26/turn                (no ring)
MPRegen 0.13/turn                (no ring)

@: heroic, glowing, very heavily drained
A: sense surroundings 1, otherworldly, glowing, explore regen
a: Renounce Religion, Heroism


You were on level 6 of the Dungeon.
You worshipped Okawaru.
Okawaru was aware of your devotion.
You visited 2 branches of the dungeon, and saw 7 of its levels.

You collected 140 gold pieces.

Inventory:

Hand Weapons
 a - a +0 mace (weapon)
 h - a +2 dagger of electrocution
Armour
 j - a +1 ring mail of fire resistance (worn)
 o - a +1 helmet (worn)
Wands
 i - a wand of polymorph (4)
Scrolls
 n - a scroll of teleportation
Potions
 c - a potion of attraction
 d - a potion of magic {unknown}
 e - a potion of might {unknown}
 f - a potion of curing
 k - a potion of resistance {unknown}


   Skills:
 - Level 2.1(7.1) Fighting
 * Level 9.4(14.4) Maces & Flails
 - Level 2.4(7.4) Dodging
 - Level 2.6 Spellcasting
 - Level 3.6 Conjurations
 + Level 1.1 Invocations


You had 8 spell levels left.
You knew the following spells:

 Your Spells              Type           Power      Damage    Failure   Level
b - Momentum Strike       Conj/Tloc      14%        3d8       26%         2
p - Kiss of Death         Conj/Necr      28%        2d7       17%         1

Your spell library contained the following spells:

 Spells                   Type           Power      Damage    Failure   Level
 Hailstorm                Conj/Ice       7%         3d4       45%         3


Dungeon Overview and Level Annotations

Branches:
Dungeon (6/15) Zot: 2212   Temple (1/1) D:4 Zot: 546

Altars:
Ashenzari
Dithmenos
Elyvilon
Fedhas
Gozag
Okawaru
Qazlal
Sif Muna
Trog
Uskayaw
Vehumet
Zin
The Shining One


Innate Abilities, Weirdness & Mutations

You passively map a small area around you.
You are easily found by Zot.
You glow in the dark.
You regain HP and MP as you explore.


Message History

A wight comes into view. It is wielding a +4 great sword.
A wight comes into view. It is wielding a +0 mace.
The wight moves out of view.
There is an open door here.
The wight closely misses you.
The wight hits you with a +4 great sword!
You feel drained.
There is an open door here.
The wight attacks as you move away!
The wight hits you with a +4 great sword!
* * * LOW HITPOINT WARNING * * *
You feel drained.
* * * LOW HITPOINT WARNING * * *
The wight attacks as you move away! The wight barely misses you.
You gain the combat prowess of a mighty hero.
The wight hits you with a +4 great sword.
* * * LOW HITPOINT WARNING * * *
You feel drained.
You closely miss the wight.
Unknown command.
You sock the wight!
The wight is heavily damaged.
The wight barely misses you.
Unknown command.
You sock the wight!
You destroy the wight!
Okawaru accepts your kill.
The wight hits you with a +4 great sword.
* * * LOW HITPOINT WARNING * * *
You feel drained.
Your Invocations skill increases to level 1!
You hit the wight. You punch the wight, but do no damage.
The wight is moderately damaged.
Unknown command.
You sock the wight!
The wight is almost destroyed.
The wight hits you with a +5 dagger.
* * * LOW HITPOINT WARNING * * *
The wight hits you with a +4 great sword!!
You die...

*** ,
,####################
* ,,
#...'...............
.
,#...#...............
..
#...#...............
...
#.z@########.####...
.... #.)z# #.# *##'#
.....###'## ... #...
*..........# .....
#... ..........#
.......#..>
.####.....#
######.##... * **
#.....#, .##### , ,
#.....# , , #.....# ,
, ,


You could see 2 wights.

Vanquished Creatures
  An ice beast (D:5)
  A phantom (D:5)
  A wight (D:6)
  An orc priest (D:4)
  2 hounds (D:4)
  3 iguanas
  Ijyb (D:3)
  3 adders
  2 worms
  A dart slug (D:2)
  7 orcs
  2 endoplasms
  A giant cockroach (D:3)
  5 goblins
  2 hobgoblins
  4 jackals (D:4)
  A quokka (D:5)
  3 ball pythons
  A bat (D:1)
  A frilled lizard (D:2)
  6 kobolds
  4 rats
53 creatures vanquished.

Vanquished Creatures (others)
  A hound (D:5)
  2 adders
  2 orcs
5 creatures vanquished.

Grand Total: 58 creatures vanquished

Notes
Turn   | Place    | Note
-------+----------+-------------------------------------------
     0 | D:1      | lunkers the Meteoran Reaver began the quest for the Orb.
     0 | D:1      | Reached XP level 1. HP: 17/17 MP: 5/5
   244 | D:2      | Reached XP level 2. HP: 20/21 MP: 6/6
   254 | D:2      | Reached skill level 5 in Maces & Flails
   254 | D:2      | Reached XP level 3. HP: 22/28 MP: 8/8
   457 | D:3      | Reached skill level 6 in Maces & Flails
   457 | D:3      | Reached XP level 4. HP: 23/25 MP: 6/9
   471 | D:3      | Noticed Ijyb
   473 | D:3      | Learned a level 2 spell: Momentum Strike
   477 | D:3      | Killed Ijyb
   478 | D:3      | Reached XP level 5. HP: 3/19 MP: 4/10
   576 | D:3      | Reached skill level 7 in Maces & Flails
   910 | D:4      | Found a staircase to the Ecumenical Temple.
   927 | Temple   | Entered the Ecumenical Temple
   962 | Temple   | Became a worshipper of Warmaster Okawaru
  1009 | D:4      | Reached XP level 6. HP: 21/24 MP: 9/11
  1025 | D:4      | Found a shadowy altar of Dithmenos.
  1041 | D:4      | Reached skill level 8 in Maces & Flails
  1110 | D:5      | Entered Level 5 of the Dungeon
  1264 | D:5      | Noticed an ice beast
  1293 | D:5      | Killed an ice beast
  1294 | D:5      | Reached skill level 9 in Maces & Flails
  1295 | D:5      | Reached * piety under Okawaru
  1296 | D:5      | Reached XP level 7. HP: 44/44 MP: 9/12
  1415 | D:6      | Reached skill level 1 in Invocations
  1416 | D:6      | Mangled by a wight

Illustrated notes

Levels and vault maps discovered:
D:1:      sevenhm_arrival_forest_fort_large_2, layout_basic,
          shapermc_ecumenical_altar_hornbeckon
D:2:      layout_basic
D:3:      layout_basic, uniq_ijyb
D:4:      layout_basic, nicolae_dithmenos_shadow_blocks,
          minmay_temple_entry_proselytizer, item_on_display_b
D:5:      layout_loops_ring, slow_altar_2
D:6:      layout_gridville, amethyst_overflow_temple_binary
Temple:   nicolae_temple_x_marks_the_god

Skill      XL: |  1  2  3  4  5  6  7 |
---------------+----------------------+-----
Maces & Flails | 5 6 7 9 |  9.4
Invocations    | 1 |  1.1
Fighting       | |  2.1
Dodging        | |  2.4
Spellcasting   | |  2.6
Conjurations   | |  3.6

Action                   |  1- 3 |  4- 6 |  7- 9 || total
-------------------------+-------+-------+-------++-------
Melee: Mace              |    56 |   110 |     5 ||   171
       Punch             |     1 |     1 |     1 ||     3
 Cast: Kiss of Death     |     4 |     5 |       ||     9
       Momentum Strike   |       |    19 |       ||    19
Invok: Heroism           |       |       |     1 ||     1
  Use: Scroll            |       |     9 |       ||     9
       Potion            |       |     1 |       ||     1
Armor: Leather armour    |    16 |     3 |       ||    19
       Ring mail         |       |    48 |       ||    48
Dodge: Dodged            |    41 |    54 |     3 ||    98

Table legend: (Time is in decaauts)
 A = Elapsed time spent in this place.
 B = Non-inter-level travel time spent in this place.
 C = Inter-level travel time spent in this place.
 D = Time resting spent in this place.
 E = Time spent auto-exploring this place.
 F = Levels seen in this place.
 G = Mean time per level.
                   A        B        C        D        E       F      G
               +--------+--------+--------+--------+--------+-----+--------+
         Total |   1440 |   1395 |     45 |      0 |    245 |   7 |  205.7 |
       Dungeon |   1386 |   1341 |     45 |      0 |    245 |   6 |  231.0 |
        Temple |     53 |     53 |      0 |      0 |      0 |   1 |   53.0 |
               +--------+--------+--------+--------+--------+-----+--------+

Top non-repeatable levels by time:
     D:4: 432 daAuts
     D:5: 247 daAuts
     D:1: 239 daAuts
     D:2: 211 daAuts
     D:3: 186 daAuts
     D:6: 69 daAuts
  Temple: 53 daAuts
